Mecha, chaotic female elven Ranger --- ------- --- ---- ----- --.-- --..--.-- --.. - -- #- # |..-- --...---- ---...---- |.......| |...-- -#. |.|.-----# |...| |.....|.-- --........| --......# --....| #.......^.|.# |...| |........--|..(.....-- |......-##--#.....| |...........|---.--- --.--.....--........| --- |.......##........| --.........#||...| -----.......|......| --.-- ---...............-- |...|..-#-..[--.--- ---^I.|.--|.....-- |...-- |.......---.....%).| --.----- --.....| ---..:..|.----....####-...--##-#.-...--- |........#-|...| |-..--- --...h...............(....)........---- ---..[....#|.#- |...| ....@.----..[--..----####..###.....| -#........).| ---.--- ......| -...----- -#.| |.....###)#####....----.|.| #-- |...| ....-- -.....| ---|.----.....| --...| |...--..-----%--- ...| ...-- |..--...--....-- ----- --..........).|-- .-- |.........----- --......|..--|.-- |........- ---^..-|...|-..| ---....-- |...----..|...| ---..| --..| -....<.| --- ---- .^....| ---.-- --- Mecha the Trailblazer Experience level: 6 Strength: 15 Dexterity: 12 Constitution: 15 Intelligence: 15 Wisdom: 13 Charisma: 7 Health: 0(39) Energy: 37(37) Def: 8 Gold: 171 Moves: 2202 Dungeon seed: A2_pmCeRfJXlcnkd Game ID: Mecha_1478111275 Your Inventory: Coins $ - 171 gold pieces Amulets J - an uncursed amulet of magical breathing Weapons a - the blessed +1 Sting (weapon in hand) b - a +1 elven bow c - 51 +2 elven arrows d - 39 +0 elven arrows u - a +0 dagger (in quiver) Q - 8 +0 arrows R - a +0 orcish spear Armor e - an uncursed +2 elven cloak (being worn) n - a blessed +1 pair of iron shoes (being worn) q - a cursed +0 cloak of magic resistance r - an uncursed +0 dwarvish iron helm (being worn) y - an uncursed +0 dwarvish mithril-coat Comestibles f - 4 uncursed lembas wafers K - a cursed apple Scrolls C - an uncursed scroll of amnesia Spellbooks D - an uncursed spellbook of wizard lock P - an uncursed spellbook of sleep Potions S - an uncursed potion of restore ability T - a cursed potion of sleeping Wands E - a wand of digging (0:5) H - a cursed wand of fire (0:5) I - a cursed wand of teleportation (0:8) Tools x - 3 uncursed tallow candles (0:200) M - a cursed sack N - an uncursed wooden flute O - a cursed magic lamp U - an uncursed oil lamp (lit) (0:960) Contents of the sack: 107 gold pieces an uncursed scroll of confuse monster an uncursed scroll of create monster an uncursed scroll of destroy armor an uncursed scroll of enchant armor an uncursed spellbook of charm monster a blessed spellbook of force bolt an uncursed potion of blindness an uncursed potion of confusion an uncursed potion of extra healing an uncursed potion of levitation an uncursed +1 ring of gain strength an uncursed ring of polymorph Spells and supernatural/magical abilities: Name Level Category Fail Memory i - invisibility 4 escape 100% 90% l - light 1 divination 81% 91% n - detect monsters 1 divination 81% 93% w - wizard lock 2 matter 100% 96% z - sleep 1 enchantment 81% 99% W - pray for help -- divine ? -- Your skills at the end: Fighting Skills Weapon Skills dagger [Skilled] bow [Basic] Spellcasting Skills Final Attributes: You were piously aligned. You were sleep resistant. You were aware of the presence of orcs. You had automatic searching. You had infravision. You were stealthy. You are dead. Vanquished creatures: a ghost a fog cloud a shrieker 3 gnome lords 2 elf zombies a giant ant a kitten 3 dwarves 2 orc zombies an acid blob 3 hobbits a large kobold 4 cave spiders a brown mold a yellow mold 15 gnomes 2 geckos 4 jackals a fox a kobold 2 goblins 2 sewer rats 5 grid bugs 5 newts 63 creatures vanquished. Voluntary challenges: You used a wielded weapon 76 times, starting on turn 48. You read items or engraved 22 times, starting on turn 135. You never genocided any monsters. You never polymorphed an object. You never changed form. You used no wishes. You never split a pudding. You never wrote Elbereth's name. You never violated your personal moral code. Dungeon overview: The Dungeons of Doom: levels 1 to 2 Level 1 (stash) an altar to Mars a long staircase Level 2 a fountain, a sink stairs to The Gnomish Mines The Gnomish Mines: levels 3 to 4 Level 3 stairs to The Dungeons of Doom Level 4 <- You were here History has recorded: On T:1 you entered the Dungeons of Doom to retrieve the Amulet of Yendor! On T:390 you reached level 2 of The Dungeons of Doom. On T:404 you advanced to experience level 2. On T:963 you reached level 1 of The Gnomish Mines. On T:965 you advanced to experience level 3. On T:991 you advanced to experience level 4. On T:1510 you advanced to experience level 5. On T:1738 you reached level 2 of The Gnomish Mines. On T:2070 you advanced to experience level 6. Score breakdown: Gold: 278 ( 8319 points) Experience: 6 levels (12456 points) Exploration: 4 levels ( 8.16%) ( 7500 points) Discoveries: 7 items ( 2.41%) ( 4660 points) Valuables value: (no points given unless you survive) Artifact value: 800 ( 9877 points) Variety of kills: 24 monsters ( 6.30%) ( 7529 points) Turncount: 2202 turns ( -143 points) Survival: died (score multiplied by 80%) Total score: 40158 Latest messages: You are momentarily blinded by a flash of light! It just misses! It bites! It misses. It bites! You miss it. It bites! (3x) You hit it. It bites! It misses. It bites! (2x) You kill it! You attack thin air. It hits! You can see again. You throw 2 daggers. The 1st dagger hits the dwarf. The 2nd dagger misses the dwarf. You throw 2 daggers. The 1st dagger hits the dwarf! The 2nd dagger hits the dwarf. The dwarf swings his broad pick. The dwarf hits! You die... Final status: Goodbye Mecha the Ranger, killed by a dwarf... You died in The Gnomish Mines on dungeon level 4 with 40158 points, and 278 pieces of gold, after 2202 moves. You were level 6 with a maximum of 39 hit points when you died.